 Dungeon Crawl Stone Soup version 0.29-a0-830-gcb1280458a (webtiles) character file.

Game seed: 10577720810077919900

665 inmateoo the Skirmisher (level 7, -1/56 HPs)
             Began as a Gnoll Hunter on July 11, 2022.
             Succumbed to a water moccasin's poison
             ... on level 6 of the Dungeon.
             The game lasted 00:06:10 (4418 turns).

inmateoo the Skirmisher (Gnoll Hunter)              Turns: 4418, Time: 00:06:11

Health: -1/56      AC:  8    Str: 10    XL:     7   Next: 57%
Magic:  11/11      EV: 12    Int: 10    God:
Gold:   235        SH:  0    Dex: 16    Spells: 11/11 levels left

rFire   + . .      SeeInvis .   p - +2 short sword (venom)
rCold   . . .      Faith    .   (no shield)
rNeg    . . .      Spirit   .   s - +0 ring mail {rF+}
rPois   .          Reflect  .   (no helmet)
rElec   .          Harm     .   e - +0 cloak
rCorr   .          Rampage  .   c - +1 pair of gloves
Will    .....                   (no boots)
Stlth   ++........              (no amulet)
HPRegen 0.18/turn               (no ring)
MPRegen 0.12/turn               (no ring)

@: lethally poisoned (-1 -> -22)
A: fangs 1, strong nose, distributed training
a: no special abilities


You were on level 6 of the Dungeon.
You visited 2 branches of the dungeon, and saw 7 of its levels.

You collected 235 gold pieces.

Inventory:

Hand Weapons
 a - a +0 shortbow
 p - a +2 short sword of venom (weapon)
Armour
 c - a +1 pair of gloves (worn)
 e - a +0 cloak (worn)
 s - a +0 ring mail of fire resistance (worn)
Magical Staves
 o - a staff of fire
Wands
 q - a wand of digging (8)
Scrolls
 b - 2 scrolls of immolation
 k - a scroll of teleportation
 l - 2 scrolls of magic mapping
 m - a scroll of fog
 r - a scroll of fear
Potions
 d - 7 potions of curing
 f - a potion of invisibility
 h - 3 potions of haste {unknown}
 j - a potion of might {unknown}
 n - a potion of resistance {unknown}


   Skills:
 + Level 5.3 Fighting
 + Level 2.7 Short Blades
 + Level 2.7 Long Blades
 + Level 2.7 Axes
 + Level 2.7 Maces & Flails
 + Level 2.7 Polearms
 + Level 2.7 Staves
 + Level 9.0 Ranged Weapons
 + Level 2.7 Throwing
 + Level 2.7 Armour
 + Level 5.3 Dodging
 + Level 3.6 Stealth
 + Level 2.7 Shields
 + Level 2.7 Unarmed Combat
 + Level 2.7 Spellcasting
 + Level 2.2 Conjurations
 + Level 2.2 Hexes
 + Level 2.2 Summonings
 + Level 2.2 Necromancy
 + Level 2.2 Translocations
 + Level 2.2 Transmutations
 + Level 2.2 Fire Magic
 + Level 2.2 Ice Magic
 + Level 2.2 Air Magic
 + Level 2.2 Earth Magic
 + Level 2.2 Poison Magic
 + Level 3.0 Invocations
 + Level 2.7 Evocations


You had 11 spell levels left.
You didn't know any spells.
Your spell library was empty.

Dungeon Overview and Level Annotations

Branches:
Dungeon (6/15)             Temple (1/1) D:4

Altars:
Ashenzari
Dithmenos
Elyvilon
Makhleb
Ru
Trog
Uskayaw
Xom
The Shining One

Shops:
D:1 *   D:3 =

Annotations:
D:6 1 runed translucent door


Innate Abilities, Weirdness & Mutations

You have very sharp teeth.
Your uncanny sense of smell can sniff out nearby items.
Your experience applies equally to all skills.


Message History

The howler monkey hits you but does no damage.
The water moccasin bites you.
You are poisoned.
The water moccasin poisons you!
The howler monkey attacks as you move away!
The howler monkey barely misses you.
The water moccasin attacks as you move away!
The water moccasin bites you but does no damage.
You feel very sick.
The black bear growls angrily.
The howler monkey hoots and howls with incredible vigour!
You hear a shout! x11
You feel sick.
You feel sick.
The water moccasin bites you but does no damage.
You feel sick.
The water moccasin attacks as you move away!
The water moccasin closely misses you.
You feel sick. The water moccasin bites you!
You are more poisoned.
The water moccasin poisons you!
The water moccasin attacks as you move away!
The water moccasin bites you.
You are lethally poisoned!
The water moccasin poisons you!
You feel extremely sick.
* * * LOW HITPOINT WARNING * * *
You feel extremely sick.
There is a stone staircase leading down here.
Things that are here:
a +0 ring mail; a +0 short sword
* * * LOW HITPOINT WARNING * * *
You feel very sick. The water moccasin closely misses you.
The howler monkey hoots and howls with incredible vigour!
The water moccasin bites you.
* * * LOW HITPOINT WARNING * * *
You climb downwards.
Level annotation: 1 runed translucent door You die...

##.... ......
......###
........#####
............### #.
..............####.#
...?...............#
####.....o........#
#....@.......###
#.....S......##
#....####.....#
#...## ##...## ...#
#...## ..# ##>..#
##...## #...##
##..##


You could see a water moccasin and an orc.

Vanquished Creatures
  An ice beast (D:4)
  An ogre (D:4)
  A centaur (D:6)
  A phantom (D:4)
  A bullfrog (D:6)
  A scorpion (D:6)
  An iguana (D:4)
  An orc wizard (D:3)
  3 gnolls
  6 adders
  A shadow imp (D:3)
  A worm (D:2)
  A dart slug (D:3)
  5 orcs
  A ball python (D:3)
  6 endoplasms
  4 giant cockroaches
  9 goblins
  5 hobgoblins
  4 jackals (D:4)
  A kobold (D:4)
  5 quokkas
  7 bats
  A frilled lizard (D:3)
  10 rats
78 creatures vanquished.

Notes
Turn   | Place    | Note
-------+----------+-------------------------------------------
     0 | D:1      | inmateoo the Gnoll Hunter began the quest for the Orb.
     0 | D:1      | Reached XP level 1. HP: 20/20 MP: 1/1
   141 | D:1      | Found Qinlux's Assorted Antiques.
   299 | D:1      | Reached XP level 2. HP: 26/26 MP: 2/2
   845 | D:2      | Reached XP level 3. HP: 26/31 MP: 3/3
  1024 | D:2      | Reached skill level 1 in Invocations
  1071 | D:2      | Found a faded altar of an unknown god.
  1363 | D:2      | Reached skill level 1 in Short Blades
  1363 | D:2      | Reached skill level 1 in Long Blades
  1363 | D:2      | Reached skill level 1 in Axes
  1363 | D:2      | Reached skill level 1 in Maces & Flails
  1363 | D:2      | Reached skill level 1 in Polearms
  1363 | D:2      | Reached skill level 1 in Staves
  1363 | D:2      | Reached skill level 1 in Throwing
  1363 | D:2      | Reached skill level 1 in Armour
  1363 | D:2      | Reached skill level 1 in Shields
  1363 | D:2      | Reached skill level 1 in Unarmed Combat
  1363 | D:2      | Reached skill level 1 in Spellcasting
  1363 | D:2      | Reached skill level 1 in Evocations
  1650 | D:3      | Found Vocorih's Jewellery Emporium.
  1987 | D:3      | Reached XP level 4. HP: 37/38 MP: 5/5
  2049 | D:3      | Reached skill level 1 in Conjurations
  2049 | D:3      | Reached skill level 1 in Hexes
  2049 | D:3      | Reached skill level 1 in Summonings
  2049 | D:3      | Reached skill level 1 in Necromancy
  2049 | D:3      | Reached skill level 1 in Translocations
  2049 | D:3      | Reached skill level 1 in Transmutations
  2049 | D:3      | Reached skill level 1 in Fire Magic
  2049 | D:3      | Reached skill level 1 in Ice Magic
  2049 | D:3      | Reached skill level 1 in Air Magic
  2049 | D:3      | Reached skill level 1 in Earth Magic
  2049 | D:3      | Reached skill level 1 in Poison Magic
  2407 | D:4      | Reached XP level 5. HP: 34/43 MP: 7/7
  2497 | D:4      | You fall into a shaft and drop 2 floors!
  2556 | D:6      | Noticed a centaur
  2601 | D:6      | Killed a centaur
  2602 | D:6      | Reached skill level 5 in Fighting
  2602 | D:6      | Reached skill level 5 in Dodging
  2602 | D:6      | Reached XP level 6. HP: 43/51 MP: 8/8
  2659 | D:6      | Noticed a black bear
  2744 | D:6      | Found a shadowy altar of Dithmenos.
  2810 | D:6      | Found a runed translucent door.
  2953 | D:5      | Entered Level 5 of the Dungeon
  3079 | D:4      | Reached XP level 7. HP: 26/56 MP: 10/10
  3739 | D:4      | Reached skill level 9 in Ranged Weapons
  4001 | D:4      | Found a staircase to the Ecumenical Temple.
  4101 | Temple   | Entered the Ecumenical Temple
  4418 | D:6      | Succumbed to a water moccasin's poison

Illustrated notes

Levels and vault maps discovered:
D:1:      saegor_arrival_miasma, layout_basic, serial_shops,
          nicolae_shop_overgrown_old_shop, serial_bayou_pond_a
D:2:      layout_loops_ring, dreamdust_ecumenical_altar_angels_and_demons,
          minmay_misc_feat_tiny, minmay_misc_feat_more_columns
D:3:      layout_basic, serial_shops, shop, minmay_pentomino_pile
D:4:      layout_gridville, minmay_temple_entry_enclosed_plants
D:5:      layout_basic, dk_noncrumbling_4, chequers_serial_rivers_large_a,
          minmay_misc_feat_tower, pf_guarded_unrand_delatra
D:6:      nicolae_BIG_FREAKIN_CUBE, layout_layer_cave, grunt_dithmenos_smoke,
          lightli_church_of_beogh, uniq_pikel
Temple:   hellmonk_temple_two_chambers

Skill      XL: |  1  2  3  4  5  6  7 |
---------------+----------------------+-----
Invocations    | 1 2 3 |  3.0
Short Blades   | 1 2 |  2.7
Long Blades    | 1 2 |  2.7
Axes           | 1 2 |  2.7
Maces & Flails | 1 2 |  2.7
Polearms       | 1 2 |  2.7
Staves         | 1 2 |  2.7
Throwing       | 1 2 |  2.7
Armour         | 1 2 |  2.7
Shields        | 1 2 |  2.7
Unarmed Combat | 1 2 |  2.7
Spellcasting   | 1 2 |  2.7
Evocations     | 1 2 |  2.7
Conjurations   | 1 2 |  2.2
Hexes          | 1 2 |  2.2
Summonings     | 1 2 |  2.2
Necromancy     | 1 2 |  2.2
Translocations | 1 2 |  2.2
Transmutations | 1 2 |  2.2
Fire Magic     | 1 2 |  2.2
Ice Magic      | 1 2 |  2.2
Air Magic      | 1 2 |  2.2
Earth Magic    | 1 2 |  2.2
Poison Magic   | 1 2 |  2.2
Fighting       | 5 |  5.3
Dodging        | 5 |  5.3
Stealth        | 3 |  3.6
Ranged Weapons | 9 |  9.0

Action                   |  1- 3 |  4- 6 |  7- 9 || total
-------------------------+-------+-------+-------++-------
Melee: Short sword       |       |    45 |    63 ||   108
       Punch             |       |     1 |       ||     1
       Bite              |       |     6 |    10 ||    16
 Fire: Shortbow          |   110 |    44 |       ||   154
  Use: Scroll            |     5 |     3 |     2 ||    10
       Potion            |       |       |     1 ||     1
 Stab: Sleeping          |       |     1 |       ||     1
Armor: Leather armour    |     5 |    25 |    16 ||    46
       Ring mail         |       |       |    10 ||    10
Dodge: Dodged            |    18 |    43 |    61 ||   122

Table legend: (Time is in decaauts)
 A = Elapsed time spent in this place.
 B = Non-inter-level travel time spent in this place.
 C = Inter-level travel time spent in this place.
 D = Time resting spent in this place.
 E = Time spent auto-exploring this place.
 F = Levels seen in this place.
 G = Mean time per level.
                   A        B        C        D        E       F      G
               +--------+--------+--------+--------+--------+-----+--------+
         Total |   4448 |   4306 |    142 |   1150 |   2174 |   7 |  635.4 |
       Dungeon |   4423 |   4281 |    142 |   1150 |   2164 |   6 |  737.2 |
        Temple |     24 |     24 |      0 |      0 |     10 |   1 |   24.0 |
               +--------+--------+--------+--------+--------+-----+--------+

Top non-repeatable levels by time:
     D:4: 1363 daAuts
     D:3: 901 daAuts
     D:1: 781 daAuts
     D:2: 774 daAuts
     D:6: 456 daAuts
     D:5: 147 daAuts
  Temple: 24 daAuts
